[Event "ICC tourney 2399 (75 10)"]
[Site "Internet Chess Club"]
[Date "2021.02.20"]
[Round "2"]
[White "creepycrawlies"]
[Black "eigenator"]
[Result "1/2-1/2"]
[ICCResult "Game drawn by mutual agreement"]
[WhiteElo "2201"]
[BlackElo "2368"]
[Opening "Nimzo-Indian: classical variation"]
[ECO "E32"]
[NIC "NI.20"]
[Time "14:31:04"]
[PlyCount "121"]
[TimeControl "4500+10"]

1. d4 Nf6 2. c4 e6 3. Nc3 Bb4 4. Qc2 O-O 5. a3 Bxc3+ 6. Qxc3 b6 7. Bg5 Bb7
8. e3 d6 9. Ne2 Nbd7 10. Qc2 c5 11. Rd1 Qc7 12. Nc3 a6 13. f3 cxd4 14. Rxd4
h6 15. Bh4 d5 16. cxd5 Nxd5 17. Qd2 Nc5 18. Bg3 Qe7 19. Bc4 Rfd8 20. O-O
Nxc3 21. bxc3 Rac8 22. Bd6 Qg5 23. Ba2 Re8 24. Bf4 Qe7 25. Bd6 Qf6 26. Bg3
Qe7 27. Rd1 b5 28. Bd6 Qf6 29. Rf4 Qg5 30. Rg4 Qf6 31. Rf4 Qg5 32. Rg4 Qf6
33. e4 Nd7 34. Rf4 Qg5 35. h4 Qh5 36. Qf2 Nf6 37. g4 Qg6 38. e5 Nd5 39.
Bxd5 Bxd5 40. Qa7 Rxc3 41. h5 Qc2 42. Qxf7+ Kh7 43. Rf1 Rg8 44. Rf6 Qd3 45.
Qg6+ Kh8 46. Qxd3 Rxd3 47. Rf7 Rc8 48. Kg2 Kg8 49. Rf4 a5 50. Kg3 Rdc3 51.
Rb1 Bc4 52. Rd1 Bb3 53. Rb1 a4 54. Re1 R3c4 55. Ree4 Bc2 56. Rd4 Rxd4 57.
Rxd4 Rc4 58. Rxc4 bxc4 59. Kf2 Bd1 60. Bb4 Kf7 61. Ke3 { Game drawn by
mutual agreement } 1/2-1/2

[Event "ICC tourney 2399 (75 10)"]
[Site "Internet Chess Club"]
[Date "2021.02.20"]
[Round "2"]
[White "Ambuli123"]
[Black "TjkTiger"]
[Result "0-1"]
[ICCResult "White resigns"]
[WhiteElo "2169"]
[BlackElo "2605"]
[Opening "Queen's Pawn"]
[ECO "A41"]
[NIC "QO.17"]
[Time "14:32:01"]
[PlyCount "124"]
[TimeControl "4500+10"]

1. d4 d6 2. Nf3 g6 3. c4 Nf6 4. Nc3 Bf5 5. Nh4 Bd7 6. e4 e5 7. Nf3 exd4 8.
Nxd4 Bg7 9. Be2 Nc6 10. Nxc6 Bxc6 11. Bf3 O-O 12. O-O Re8 13. Re1 Nd7 14.
Qc2 Nc5 15. Bd2 Ne6 16. Be3 Nd4 17. Bxd4 Bxd4 18. b3 Qf6 19. Rac1 Bxc3 20.
Qxc3 Qxc3 21. Rxc3 Re5 22. Rce3 Rae8 23. a4 a5 24. Kf1 R8e7 25. R1e2 Kg7
26. Ke1 g5 27. g4 h5 28. h3 hxg4 29. hxg4 Bd7 30. Kd2 Re8 31. Re1 Rh8 32.
Rg1 Rh2 33. Re2 Re8 34. Ke3 Rh3 35. Rd2 Bc6 36. Rg3 Rxg3 37. fxg3 Kf6 38.
Rh2 d5 39. cxd5 Bxd5 40. Rc2 c6 41. Rc3 Be6 42. Rc5 Ra8 43. Bd1 Bd7 44. Bf3
Ra6 45. Be2 Ra7 46. Rc1 Ra8 47. Rd1 Ke7 48. Rh1 Be6 49. Bd1 Rd8 50. Rf1 Rd7
51. Rh1 c5 52. Bc2 Bxg4 53. Rh6 Be6 54. Rh8 Rd4 55. Rh5 Kf6 56. e5+ Kxe5
57. Rxg5+ Kd6 58. Rg8 Rb4 59. Rd8+ Ke7 60. Ra8 Bxb3 61. Bxb3 Rxb3+ 62. Kf2
b6 { White resigns } 0-1

[Event "ICC tourney 2399 (75 10)"]
[Site "Internet Chess Club"]
[Date "2021.02.20"]
[Round "2"]
[White "jy2020"]
[Black "Blue-Elephant1"]
[Result "0-1"]
[ICCResult "White resigns"]
[WhiteElo "2236"]
[BlackElo "2117"]
[Opening "Sicilian: Kan, Maróczy bind (Réti variation)"]
[ECO "B41"]
[NIC "SI.41"]
[Time "14:31:38"]
[PlyCount "148"]
[TimeControl "4500+10"]

1. e4 c5 2. Nf3 e6 3. d4 cxd4 4. Nxd4 a6 5. c4 Nf6 6. Nc3 Qc7 7. a3 b6 8.
Be3 Bb7 9. f3 d6 10. Be2 Nbd7 11. Rc1 Be7 12. O-O O-O 13. Qd2 Rac8 14. Rfd1
Qb8 15. b4 Bd8 16. Nb3 Bc7 17. Bf4 Ne5 18. Bxe5 dxe5 19. c5 Qa7 20. Na4 Bc6
21. Nxb6 Bxb6 22. cxb6 Qxb6+ 23. Nc5 Ba4 24. Re1 Nd7 25. Qe3 a5 26. Kf2
Nxc5 27. bxc5 Qc7 28. Bd1 Bb5 29. a4 Bc6 30. Rc4 Rb8 31. Bc2 Rfd8 32. Rb1
Rxb1 33. Bxb1 Qd7 34. Bc2 Qd2+ 35. Qxd2 Rxd2+ 36. Ke3 Rxg2 37. Rc3 Kf8 38.
h4 Ke7 39. Kd3 Kd7 40. Kc4 Kc7 41. Kb3 Rh2 42. Bd3 Rxh4 43. Bb5 Rh1 44. Kb2
Rh2+ 45. Kc1 Rh1+ 46. Kc2 Re1 47. Rd3 Rxe4 48. fxe4 Bxe4 49. Kc3 Bxd3 50.
Kxd3 h5 51. Ke4 f6 52. Be8 h4 53. Bb5 g5 54. Kf3 f5 55. Bc4 e4+ 56. Kg2 e3
57. Bxe6 h3+ 58. Kf1 h2 59. Bd5 g4 60. Ke2 f4 61. Bh1 Kd7 62. Kd3 Ke6 63.
Ke2 Kd7 64. Kd3 Ke7 65. Ke2 Ke6 66. Kd3 Ke5 67. Ke2 Kd4 68. c6 f3+ 69. Ke1
Kd3 70. c7 f2+ 71. Kf1 g3 72. Bf3 h1=Q+ 73. Bxh1 e2+ 74. Kg2 f1=Q+ { White
resigns } 0-1

[Event "ICC tourney 2399 (75 10)"]
[Site "Internet Chess Club"]
[Date "2021.02.20"]
[Round "2"]
[White "Gukesh"]
[Black "wolverine54"]
[Result "1-0"]
[ICCResult "Black resigns"]
[WhiteElo "2667"]
[BlackElo "2313"]
[Opening "King's Indian: fianchetto without c4"]
[ECO "A49"]
[NIC "QP.06"]
[Time "14:31:10"]
[PlyCount "191"]
[TimeControl "4500+10"]

1. d4 Nf6 2. Nf3 g6 3. g3 b6 4. Bg2 Bb7 5. O-O Bg7 6. c4 O-O 7. Nc3 Ne4 8.
Na4 d5 9. Ng5 h6 10. Nxe4 dxe4 11. d5 f5 12. Be3 c6 13. Nc3 Nd7 14. Bd4 e5
15. dxe6 Ne5 16. c5 b5 17. Qb3 Qe7 18. a4 a6 19. axb5 axb5 20. Na2 Nc4 21.
Bxg7 Kxg7 22. Qc3+ Qf6 23. Rad1 Qxc3 24. Rd7+ Kf6 25. Nxc3 Bc8 26. Rc7 b4
27. e7 Re8 28. Rxc6+ Kg7 29. Nxe4 fxe4 30. Bxe4 Rxe7 31. Rxg6+ Kf7 32. Bxa8
Kxg6 33. Rc1 Nxb2 34. Bf3 Bf5 35. c6 Rc7 36. g4 Be6 37. Rb1 Nc4 38. Rxb4
Ne5 39. Be4+ Kf6 40. Rb7 Rc8 41. h3 h5 42. f3 hxg4 43. hxg4 Nxc6 44. Rb6
Bd7 45. Kf2 Ke7 46. Kg3 Nd4 47. e3 Ne2+ 48. Kf2 Nc3 49. Bd3 Bc6 50. Bf5 Rc7
51. e4 Nd1+ 52. Ke2 Ba4 53. Rb4 Kd6 54. Kd2 Rc2+ 55. Kd3 Ra2 56. f4 Kc5 57.
Rc4+ Kb6 58. Kd4 Bc6 59. g5 Kb5 60. Rc1 Rd2+ 61. Ke5 Nf2 62. Rb1+ Kc5 63.
Rc1+ Kb6 64. Rf1 Nxe4 65. Rb1+ Ka5 66. Rc1 Rd5+ 67. Ke6 Nc5+ 68. Kf6 Kb6
69. g6 Rd4 70. g7 Bd5 71. Ke5 Rd2 72. Rh1 Bc4 73. Rb1+ Kc6 74. Rb8 Rd5+ 75.
Kf6 Rd6+ 76. Kg5 Rd2 77. Kf6 Rd6+ 78. Ke7 Rd4 79. Rb4 Rxf4 80. Rxc4 Rxc4
81. g8=Q Rd4 82. Qc8+ Kb5 83. Kf6 Rd2 84. Qb8+ Kc4 85. Qf4+ Rd4 86. Qf1+
Kb4 87. Ke5 Rd8 88. Qb1+ Ka5 89. Qa2+ Kb6 90. Qa3 Kb5 91. Bg6 Nd7+ 92. Kd6
Nb6+ 93. Ke6 Rd4 94. Be8+ Kc4 95. Qa6+ Kc3 96. Qxb6 { Black resigns } 1-0

[Event "ICC tourney 2399 (75 10)"]
[Site "Internet Chess Club"]
[Date "2021.02.20"]
[Round "3"]
[White "Dking135799"]
[Black "Openyagami"]
[Result "0-1"]
[ICCResult "White resigns"]
[WhiteElo "2251"]
[BlackElo "2601"]
[Opening "King's Indian: East Indian defense"]
[ECO "A48"]
[NIC "QP.06"]
[Time "18:05:24"]
[PlyCount "112"]
[TimeControl "4500+10"]

1. d4 Nf6 2. Nf3 g6 3. Nc3 d5 4. Bf4 Bg7 5. e3 O-O 6. Be2 c5 7. dxc5 Qa5 8.
Nd2 Qxc5 9. Nb3 Qb6 10. Nb5 Ne8 11. Qxd5 Bxb2 12. Rb1 Bg7 13. O-O Nc6 14.
c4 Bf5 15. Rbd1 Nf6 16. Qc5 Ne4 17. Qxb6 axb6 18. f3 Nc3 19. Nxc3 Bxc3 20.
Bd3 Be6 21. Rf2 Nb4 22. Bf1 Rxa2 23. Rxa2 Nxa2 24. Nd4 Bc8 25. Bc7 Ba5 26.
Nb3 Nb4 27. Nxa5 bxa5 28. Bxa5 Nc6 29. Bc7 f6 30. c5 Kf7 31. Bc4+ Be6 32.
Bb5 Rc8 33. Bb6 Nb4 34. e4 Ra8 35. Rb1 Nc6 36. Bxc6 bxc6 37. Bc7 Ra2 38.
Rb7 Bc8 39. Rb8 Bd7 40. h4 h5 41. Rh8 Be6 42. Rb8 Rc2 43. Bb6 g5 44. hxg5
fxg5 45. Rb7 Rd2 46. Ba5 Rd3 47. Kf2 g4 48. Ke2 Bc4 49. Kf2 gxf3 50. gxf3
h4 51. Rc7 Ra3 52. Bb6 Ra2+ 53. Kg1 h3 54. Rxc6 h2+ 55. Kh1 Be2 56. Kxh2
Bb5+ { White resigns } 0-1

[Event "ICC tourney 2399 (75 10)"]
[Site "Internet Chess Club"]
[Date "2021.02.20"]
[Round "3"]
[White "DonaldJ"]
[Black "creepycrawlies"]
[Result "1/2-1/2"]
[ICCResult "Game drawn by mutual agreement"]
[WhiteElo "2071"]
[BlackElo "2201"]
[Opening "Sicilian: Najdorf, Adams attack"]
[ECO "B90"]
[NIC "SI.14"]
[Time "18:06:01"]
[PlyCount "75"]
[TimeControl "4500+10"]

1. e4 c5 2. Nf3 d6 3. d4 cxd4 4. Nxd4 Nf6 5. Nc3 a6 6. h3 e5 7. Nde2 h5 8.
Bg5 Be6 9. Bxf6 Qxf6 10. Nd5 Qd8 11. Qd3 Nd7 12. O-O-O Rc8 13. Kb1 b5 14.
f4 Bxd5 15. Qxd5 Qc7 16. c3 Nb6 17. Qd3 Be7 18. Ng3 exf4 19. Nf5 O-O 20.
Nxe7+ Qxe7 21. Qxd6 Qxe4+ 22. Bd3 Qc6 23. Qxf4 g6 24. g4 h4 25. Qg5 Na4 26.
Rh2 Qf3 27. Rhd2 Rc5 28. Qxh4 Rxc3 29. bxc3 Nxc3+ 30. Kc1 Nxd1 31. Rxd1
Rc8+ 32. Bc2 Qa3+ 33. Kb1 Qb4+ 34. Bb3 Qe4+ 35. Kb2 Qe5+ 36. Kb1 Qe4+ 37.
Kb2 Qe5+ 38. Kb1 { Game drawn by mutual agreement } 1/2-1/2

[Event "ICC tourney 2399 (75 10)"]
[Site "Internet Chess Club"]
[Date "2021.02.20"]
[Round "3"]
[White "sriramk"]
[Black "jy2020"]
[Result "0-1"]
[ICCResult "White resigns"]
[WhiteElo "2172"]
[BlackElo "2236"]
[Opening "Sicilian, Chekhover variation"]
[ECO "B53"]
[NIC "SI.02"]
[Time "18:05:18"]
[PlyCount "54"]
[TimeControl "4500+10"]

1. e4 c5 2. Nf3 d6 3. d4 cxd4 4. Qxd4 Nf6 5. Be2 Nc6 6. Qe3 g6 7. h3 Bg7 8.
c4 O-O 9. O-O Nd7 10. Nc3 Nc5 11. Rd1 Bd7 12. Rb1 a5 13. Nd5 h6 14. b3 f5
15. e5 g5 16. exd6 exd6 17. Ba3 Re8 18. Qd2 Ne4 19. Qc2 g4 20. hxg4 fxg4
21. Nh2 Nd4 22. Rxd4 Bxd4 23. Bxd6 Bxf2+ 24. Kf1 Bf5 25. Bd3 Qxd6 26. Nxg4
Bxg4 27. Bxe4 Rf8 { White resigns } 0-1

[Event "ICC tourney 2399 (75 10)"]
[Site "Internet Chess Club"]
[Date "2021.02.20"]
[Round "3"]
[White "Blue-Elephant1"]
[Black "e4f5"]
[Result "0-1"]
[ICCResult "White resigns"]
[WhiteElo "2117"]
[BlackElo "2293"]
[Opening "King's Indian: Sämisch, 5...O-O"]
[ECO "E81"]
[NIC "KI.52"]
[Time "18:05:28"]
[PlyCount "66"]
[TimeControl "4500+10"]

1. d4 Nf6 2. c4 g6 3. Nc3 Bg7 4. e4 d6 5. f3 O-O 6. Nge2 c5 7. d5 e6 8. Ng3
exd5 9. cxd5 a6 10. a4 Nbd7 11. Be2 h5 12. Bg5 Qc7 13. O-O Rb8 14. Qd2 c4
15. a5 b5 16. axb6 Qxb6+ 17. Be3 Qxb2 18. Bxc4 Ng4 19. Qxb2 Rxb2 20. fxg4
Bxc3 21. Bxa6 h4 22. Nh1 Rb4 23. Bxc8 Rxc8 24. Ra7 Rxe4 25. Bf2 Nf6 26. Ra6
Nxg4 27. Rc6 Rxc6 28. dxc6 Rc4 29. Bxh4 Bd4+ 30. Nf2 Rxc6 31. Rd1 Rc4 32.
h3 Ne3 33. Re1 Nf5 { White resigns } 0-1

[Event "ICC tourney 2399 (75 10)"]
[Site "Internet Chess Club"]
[Date "2021.02.20"]
[Round "3"]
[White "BranKing"]
[Black "eigenator"]
[Result "0-1"]
[ICCResult "White resigns"]
[WhiteElo "2061"]
[BlackElo "2368"]
[Opening "French: Winawer (Nimzovich) variation"]
[ECO "C15"]
[NIC "FR.08"]
[Time "18:05:24"]
[PlyCount "68"]
[TimeControl "4500+10"]

1. e4 e6 2. d4 d5 3. Nc3 Bb4 4. exd5 exd5 5. Bd3 Nc6 6. Ne2 Nge7 7. Bg5 O-O
8. O-O f6 9. Bf4 Be6 10. Ng3 Qd7 11. Re1 Bf7 12. a3 Bd6 13. Nce2 Rfe8 14.
Qd2 Bg6 15. c3 Na5 16. Rad1 Nc4 17. Bxc4 dxc4 18. Bxd6 Qxd6 19. Nf4 Nd5 20.
Nxg6 hxg6 21. Ne4 Qf4 22. Qe2 b5 23. g3 Qf5 24. f3 Re7 25. Qg2 Rae8 26. Re2
a5 27. Rde1 Kf8 28. h4 Kg8 29. Nc5 Rxe2 30. Rxe2 Qb1+ 31. Kh2 Ne3 32. Qf2
Qf1 33. Ne4 Rxe4 34. Rd2 Re8 { White resigns } 0-1

[Event "ICC tourney 2399 (75 10)"]
[Site "Internet Chess Club"]
[Date "2021.02.20"]
[Round "3"]
[White "PawnEatingZombi"]
[Black "hidedozyo"]
[Result "0-1"]
[ICCResult "White resigns"]
[WhiteElo "2200"]
[BlackElo "2327"]
[Opening "QGD: Charousek (Petrosian) variation"]
[ECO "D31"]
[NIC "QO.05"]
[Time "18:05:21"]
[PlyCount "66"]
[TimeControl "4500+10"]

1. d4 d5 2. c4 e6 3. Nc3 Be7 4. cxd5 exd5 5. Bf4 c6 6. e3 Bf5 7. Nge2 Nd7
8. Ng3 Be6 9. Nh5 Bf8 10. Bd3 g6 11. Ng3 g5 12. O-O Nb6 13. Re1 Be7 14. Nh5
gxf4 15. exf4 Qd6 16. f5 Bd7 17. Qg4 O-O-O 18. Rac1 Nf6 19. Qg7 Nxh5 20.
Qxf7 Nf4 21. Nb5 Qf6 22. Rxe7 Qxf7 23. Nd6+ Kb8 24. Nxf7 Nxd3 25. Rd1 Bxf5
26. Nxd8 Rxd8 27. b3 Rd7 28. Re3 Nb4 29. Rd2 Kc7 30. f3 a5 31. g4 Bg6 32.
h4 a4 33. bxa4 Nc4 { White resigns } 0-1

[Event "ICC tourney 2399 (75 10)"]
[Site "Internet Chess Club"]
[Date "2021.02.20"]
[Round "3"]
[White "savchess06"]
[Black "mhebden"]
[Result "0-1"]
[ICCResult "White resigns"]
[WhiteElo "2096"]
[BlackElo "2503"]
[Opening "Ruy Lopez: Morphy defense, Duras variation"]
[ECO "C77"]
[NIC "RL.12"]
[Time "18:05:22"]
[PlyCount "110"]
[TimeControl "4500+10"]

1. e4 e5 2. Nf3 Nc6 3. Bb5 a6 4. Ba4 Nf6 5. d3 d6 6. c4 Be7 7. h3 O-O 8.
O-O Na7 9. Nc3 c5 10. Be3 Nc6 11. Qd2 Nd4 12. Bd1 Rb8 13. Nd5 Nxd5 14. cxd5
f5 15. Bxd4 cxd4 16. Nh2 Bg5 17. Qc2 Bd7 18. exf5 Bxf5 19. Bf3 Qb6 20. Be4
Rbc8 21. Qe2 Bxe4 22. dxe4 Qd8 23. Nf3 Bh6 24. Ne1 Qh4 25. Nd3 Rc7 26. Rad1
g6 27. Qg4 Qxg4 28. hxg4 Rc2 29. Rfe1 Bg5 30. Kf1 h5 31. gxh5 gxh5 32. Re2
Rc7 33. Kg1 h4 34. Ne1 Rfc8 35. Nd3 Kh7 36. Ree1 Rc2 37. Kh2 Kg6 38. Kh3
Kh5 39. g3 hxg3 40. Kxg3 Rg8 41. Rh1+ Bh4+ 42. Kf3 Rf8+ 43. Kg2 Rfxf2+ 44.
Nxf2 Rxf2+ 45. Kg1 Re2 46. Rh2 Rxe4 47. Rc2 Re3 48. Rc7 d3 49. Rd7 e4 50.
Rh7+ Kg4 51. Rg7+ Kh3 52. Rg2 Re2 53. Rg8 d2 54. Rf8 Re1+ 55. Rf1 e3 {
White resigns } 0-1

[Event "ICC tourney 2399 (75 10)"]
[Site "Internet Chess Club"]
[Date "2021.02.20"]
[Round "3"]
[White "ChessKidA8"]
[Black "tirantes"]
[Result "0-1"]
[ICCResult "White resigns"]
[WhiteElo "2207"]
[BlackElo "2422"]
[Opening "Ruy Lopez: Anderssen variation"]
[ECO "C77"]
[NIC "RL.12"]
[Time "18:05:48"]
[PlyCount "94"]
[TimeControl "4500+10"]

1. e4 e5 2. Nf3 Nc6 3. Bb5 a6 4. Ba4 Nf6 5. d3 d6 6. c3 g6 7. O-O Bg7 8.
Bxc6+ bxc6 9. d4 Nd7 10. Qa4 Bb7 11. Bg5 f6 12. Bh4 Qe7 13. dxe5 dxe5 14.
Rd1 a5 15. c4 Nc5 16. Qc2 g5 17. Bg3 h5 18. h3 Bc8 19. Ne1 h4 20. Bh2 O-O
21. Nd3 Nxe4 22. Nxe5 Bf5 23. Nxc6 Qe8 24. Nd4 Bh7 25. Nc3 f5 26. Nd5 Qf7
27. f3 Ng3 28. Bxg3 hxg3 29. Qd2 f4 30. Rac1 a4 31. Re1 Rfe8 32. Nb5 c6 33.
Rxe8+ Rxe8 34. Nd6 Qa7+ 35. c5 Re5 36. Nc8 Qf7 37. Nb4 Qe6 38. Ne7+ Kf8 39.
Nexc6 Re2 40. Qd8+ Kf7 41. Qd3 Qe3+ 42. Qxe3 fxe3 43. Nd8+ Ke8 44. Ne6 Bxb2
45. Rf1 Rd2 46. c6 e2 47. c7 Kd7 { White resigns } 0-1

[Event "ICC tourney 2399 (75 10)"]
[Site "Internet Chess Club"]
[Date "2021.02.20"]
[Round "3"]
[White "josuevm"]
[Black "WonderZ"]
[Result "0-1"]
[ICCResult "White resigns"]
[WhiteElo "2272"]
[BlackElo "2053"]
[Opening "Sicilian: Boleslavsky variation"]
[ECO "B58"]
[NIC "SI.25"]
[Time "18:05:20"]
[PlyCount "162"]
[TimeControl "4500+10"]

1. e4 c5 2. Nf3 d6 3. d4 cxd4 4. Nxd4 Nf6 5. Nc3 Nc6 6. Be2 e5 7. Nf3 h6 8.
O-O Be7 9. Re1 O-O 10. h3 Be6 11. Bf1 Nb8 12. Nd5 Nxd5 13. exd5 Bf5 14. c4
Nd7 15. Be3 Bh7 16. b4 Rc8 17. Rc1 Kh8 18. c5 Nf6 19. c6 Be4 20. Bxa7 Bxd5
21. cxb7 Bxb7 22. Rxc8 Qxc8 23. b5 Ne4 24. a4 Bd8 25. b6 Qc5 26. Rxe4 Bxe4
27. b7 Qxa7 28. Qxd6 Be7 29. Qxe7 Kg8 30. Ba6 Rb8 31. Qxe5 Bxb7 32. Bd3
Bxf3 33. gxf3 Rd8 34. Qe4 g6 35. Bc4 Kh7 36. Qf4 Rd4 37. Qxf7+ Qxf7 38.
Bxf7 Rxa4 39. Bd5 Kg7 40. Kg2 Kf6 41. Bc6 Rb4 42. Be4 g5 43. Kg3 h5 44. Kg2
h4 45. Ba8 Ke5 46. Bc6 Kf4 47. Ba8 Rd4 48. Bc6 Rb4 49. Ba8 Ke5 50. Bc6 Kd6
51. Be4 Rd4 52. Kf1 Kc5 53. Ke2 Rb4 54. Ke3 Ra4 55. Bf5 Kd6 56. Be4 Ke5 57.
Bc6 Ra3+ 58. Ke2 Ra1 59. Bb7 Kf4 60. Bd5 Rh1 61. Be6 Ra1 62. Bd5 Ra3 63.
Bc6 g4 64. fxg4 Rxh3 65. Kf1 Ra3 66. Bd7 Kf3 67. Kg1 Ra1+ 68. Kh2 Kxf2 69.
g5 Rg1 70. g6 Rxg6 71. Bc8 Rh6 72. Bb7 Ke3 73. Kh3 Kf4 74. Ba8 Kg5 75. Bb7
Rb6 76. Bd5 Rb5 77. Be6 Re5 78. Bc4 Re3+ 79. Kh2 h3 80. Bb5 Kh4 81. Bf1 Rb3
{ White resigns } 0-1

[Event "ICC tourney 2399 (75 10)"]
[Site "Internet Chess Club"]
[Date "2021.02.20"]
[Round "3"]
[White "wolverine54"]
[Black "Ambuli123"]
[Result "0-1"]
[ICCResult "White resigns"]
[WhiteElo "2313"]
[BlackElo "2169"]
[Opening "Sicilian defense"]
[ECO "B44"]
[NIC "SI.39"]
[Time "18:06:13"]
[PlyCount "146"]
[TimeControl "4500+10"]

1. e4 c5 2. Nf3 e6 3. d4 cxd4 4. Nxd4 Nc6 5. c4 Nf6 6. Nc3 Bb4 7. f3 d6 8.
Be3 O-O 9. Qd2 Nxd4 10. Bxd4 e5 11. Bf2 Be6 12. a3 Bxc3 13. Qxc3 Rc8 14.
Qb4 a5 15. Qb5 Qd7 16. Qxa5 Bxc4 17. Bxc4 Rxc4 18. O-O Rfc8 19. Rad1 Ne8
20. Qxe5 dxe5 21. Rxd7 R4c7 22. Rd5 f6 23. Be1 Rc6 24. Bb4 Nc7 25. Rd7 b5
26. Rfd1 Ne6 27. Bc3 Nc5 28. Re7 R6c7 29. Rxc7 Rxc7 30. Ba5 Rb7 31. Rd5 Ne6
32. Kf2 Kf7 33. Ke3 Nd4 34. Kd3 g5 35. Bc3 Ne6 36. Kc2 Nf4 37. Rd2 h5 38.
Kb3 g4 39. Kb4 Ne6 40. Ka5 gxf3 41. gxf3 Ng5 42. Ka6 Rb8 43. Rd3 h4 44. Ka7
Rg8 45. Be1 h3 46. Bh4 Rc8 47. Bxg5 fxg5 48. Rd2 Rc1 49. b4 Ra1 50. Kb6
Rxa3 51. Kxb5 Rxf3 52. Kc4 Re3 53. b5 Rxe4+ 54. Kc5 Re1 55. Rb2 Ke6 56. b6
Rc1+ 57. Kb5 Rc8 58. b7 Rb8 59. Kc6 e4 60. Rb5 g4 61. Rg5 e3 62. Rb5 e2 63.
Rb1 g3 64. Re1 g2 65. Rxe2+ Kf5 66. Re1 Kf4 67. Rb1 Kf3 68. Kc7 Rxb7+ 69.
Kxb7 Kf2 70. Rb2+ Kg1 71. Kc6 Kxh2 72. Kd5 Kh1 73. Rb3 h2 { White resigns }
0-1

[Event "ICC tourney 2399 (75 10)"]
[Site "Internet Chess Club"]
[Date "2021.02.21"]
[Round "4"]
[White "SkyAngel"]
[Black "sriramk"]
[Result "1-0"]
[ICCResult "Black resigns"]
[WhiteElo "2177"]
[BlackElo "2172"]
[Opening "Ruy Lopez: Archangelsk (counterthrust) variation"]
[ECO "C78"]
[NIC "RL.12"]
[Time "11:01:13"]
[PlyCount "61"]
[TimeControl "4500+10"]

1. e4 e5 2. Nf3 Nc6 3. Bb5 a6 4. Ba4 Nf6 5. O-O b5 6. Bb3 Bb7 7. d3 Be7 8.
Nc3 O-O 9. a3 d6 10. Ne2 d5 11. exd5 Nxd5 12. Ng3 Bf6 13. Re1 Re8 14. Ne4
Nd4 15. Nxd4 exd4 16. Qh5 g6 17. Qf3 Bg7 18. Bg5 Qc8 19. Nc5 Rxe1+ 20. Rxe1
c6 21. Nxb7 Qxb7 22. Bxd5 cxd5 23. Re7 Qxe7 24. Bxe7 Re8 25. Bb4 Re5 26. g3
f5 27. c3 dxc3 28. Bxc3 d4 29. Bxd4 Re1+ 30. Kg2 Bxd4 31. Qd5+ { Black
resigns } 1-0

[Event "ICC tourney 2399 (75 10)"]
[Site "Internet Chess Club"]
[Date "2021.02.21"]
[Round "4"]
[White "jy2020"]
[Black "DonaldJ"]
[Result "1-0"]
[ICCResult "Black checkmated"]
[WhiteElo "2236"]
[BlackElo "2071"]
[Opening "Sicilian: Najdorf, Opocensky variation"]
[ECO "B92"]
[NIC "SI.10"]
[Time "11:01:27"]
[PlyCount "95"]
[TimeControl "4500+10"]

1. e4 c5 2. Nf3 d6 3. d4 cxd4 4. Nxd4 Nf6 5. Nc3 a6 6. Be2 e5 7. Nf3 Be7 8.
Bg5 Be6 9. Bxf6 Bxf6 10. O-O O-O 11. Nd5 Nd7 12. Bc4 Nb6 13. Bb3 Nxd5 14.
Bxd5 Qd7 15. Qd3 Bxd5 16. Qxd5 Rac8 17. c3 Rc5 18. Qd3 d5 19. b4 Qb5 20.
Qxb5 Rxb5 21. Rfe1 Rc8 22. a4 Rb6 23. exd5 Rxc3 24. Nxe5 Rxb4 25. Nd3 Rc8
26. Nxb4 Bxa1 27. Rxa1 Rc4 28. Rb1 Kf8 29. Kf1 a5 30. Nd3 Rxa4 31. Rb5 Ke7
32. Rxb7+ Kf6 33. Ke2 Ra2+ 34. Ke3 a4 35. d6 a3 36. d7 Ke7 37. Ne5 Rb2 38.
Nc6+ Ke6 39. Ra7 Rb3+ 40. Kd2 Rb2+ 41. Kc3 Rb6 42. d8=Q Rxc6+ 43. Kb3 Rd6
44. Qe8+ Kd5 45. Qxf7+ Kc5 46. Ra5+ Kb6 47. Qa7+ Kc6 48. Rc5# { Black
checkmated } 1-0

[Event "ICC tourney 2399 (75 10)"]
[Site "Internet Chess Club"]
[Date "2021.02.21"]
[Round "4"]
[White "ChessKidA8"]
[Black "Dking135799"]
[Result "1/2-1/2"]
[ICCResult "Game drawn by mutual agreement"]
[WhiteElo "2207"]
[BlackElo "2251"]
[Opening "Ruy Lopez: closed, Pilnik variation"]
[ECO "C77"]
[NIC "RL.12"]
[Time "11:01:47"]
[PlyCount "79"]
[TimeControl "4500+10"]

1. e4 e5 2. Nf3 Nc6 3. Bb5 a6 4. Ba4 Nf6 5. d3 b5 6. Bb3 Be7 7. O-O d6 8.
c3 O-O 9. Re1 Bb7 10. Nbd2 Re8 11. Nf1 Bf8 12. Ng3 h6 13. Nf5 Qd7 14. Bc2
d5 15. exd5 Nxd5 16. d4 exd4 17. Rxe8 Rxe8 18. cxd4 Nf6 19. a3 Ne7 20. Ne5
Qd8 21. Ng3 c5 22. dxc5 Qxd1+ 23. Bxd1 Nf5 24. Bf4 Nxg3 25. Bxg3 Bxc5 26.
Bb3 Bd5 27. Bxd5 Nxd5 28. Rd1 Nb6 29. b4 Bf8 30. f4 f6 31. Ng6 Nc4 32. Rd3
Bd6 33. f5 Be5 34. Rd7 Nxa3 35. Bf2 Nc2 36. Bc5 Bc3 37. Ne7+ Kh8 38. Ng6+
Kg8 39. Ne7+ Kh8 40. Ng6+ { Game drawn by mutual agreement } 1/2-1/2

[Event "ICC tourney 2399 (75 10)"]
[Site "Internet Chess Club"]
[Date "2021.02.21"]
[Round "4"]
[White "Blue-Elephant1"]
[Black "PawnEatingZombi"]
[Result "1-0"]
[ICCResult "Black resigns"]
[WhiteElo "2117"]
[BlackElo "2200"]
[Opening "QGD: 3.Nc3"]
[ECO "D31"]
[NIC "QP.08"]
[Time "11:01:44"]
[PlyCount "65"]
[TimeControl "4500+10"]

1. d4 d5 2. c4 e6 3. Nc3 Bb4 4. a3 Bxc3+ 5. bxc3 Nf6 6. e3 c6 7. a4 O-O 8.
Nf3 b6 9. cxd5 exd5 10. Be2 Ne4 11. Qb3 c5 12. c4 Nc6 13. dxc5 Nxc5 14. Qb1
Ba6 15. Ba3 Bxc4 16. Bxc4 dxc4 17. O-O Qd3 18. Qb5 Rfc8 19. Bxc5 bxc5 20.
Qxc5 Rab8 21. Rfd1 Qc2 22. Rdc1 Nb4 23. Qxa7 Qb2 24. Rab1 c3 25. Rxb2 cxb2
26. Rf1 Nc6 27. Qa6 Nb4 28. Qa5 Rc2 29. g3 Nc6 30. Qf5 b1=Q 31. Rxb1 Rxb1+
32. Kg2 Nb4 33. Ng5 { Black resigns } 1-0

[Event "ICC tourney 2399 (75 10)"]
[Site "Internet Chess Club"]
[Date "2021.02.21"]
[Round "4"]
[White "e4f5"]
[Black "Ambuli123"]
[Result "1/2-1/2"]
[ICCResult "Game drawn by repetition"]
[WhiteElo "2293"]
[BlackElo "2169"]
[Opening "Sicilian: Taimanov (Bastrikov) variation"]
[ECO "B47"]
[NIC "SI.40"]
[Time "11:01:35"]
[PlyCount "54"]
[TimeControl "4500+10"]

1. e4 c5 2. Nf3 e6 3. d4 cxd4 4. Nxd4 Nc6 5. Nc3 Qc7 6. Be2 a6 7. O-O Nf6
8. Be3 Be7 9. f4 d6 10. Kh1 O-O 11. a4 Re8 12. Bf3 Nxd4 13. Qxd4 e5 14. Qd2
exf4 15. Bxf4 Be6 16. Rfd1 Rad8 17. a5 Ng4 18. Bxg4 Bxg4 19. Nd5 Qc6 20.
Rf1 Bf8 21. Rae1 Bh5 22. Re3 Rc8 23. Rf2 Bg6 24. Rfe2 Bh5 25. Rf2 Bg6 26.
Rfe2 Bh5 27. Rf2 Bg6 { Game drawn by repetition } 1/2-1/2

[Event "ICC tourney 2399 (75 10)"]
[Site "Internet Chess Club"]
[Date "2021.02.21"]
[Round "4"]
[White "Openyagami"]
[Black "TjkTiger"]
[Result "1-0"]
[ICCResult "Black resigns"]
[WhiteElo "2601"]
[BlackElo "2605"]
[Opening "Grünfeld: exchange, classical variation"]
[ECO "D86"]
[NIC "GI.05"]
[Time "11:02:07"]
[PlyCount "65"]
[TimeControl "4500+10"]

1. d4 Nf6 2. c4 g6 3. Nc3 d5 4. cxd5 Nxd5 5. e4 Nxc3 6. bxc3 Bg7 7. Bc4 c5
8. Ne2 Nc6 9. Be3 O-O 10. h4 Qa5 11. O-O cxd4 12. cxd4 Qh5 13. f3 Qxh4 14.
Qd2 Rd8 15. Rad1 Be5 16. f4 Bc7 17. d5 e6 18. Nc3 Na5 19. Bd3 a6 20. Rc1
Qe7 21. Qf2 b5 22. Bc5 Qe8 23. Qh4 Nb7 24. Bd4 e5 25. Ne2 Bd6 26. fxe5 Bxe5
27. Qg5 Bxd4+ 28. Nxd4 Qf8 29. Rf6 Bd7 30. e5 Qb4 31. Nf3 Qg4 32. Rc7 Na5
33. Rxf7 { Black resigns } 1-0